Match 46808131
Unlisted

Match 46808131
End
Construct Infanterie Kompanie
Selects Terror Battlegroup
Selects Heavy Gunnery
Grenadier Squad
MG 42 Machine Gun Team
Grenadier Squad
Infanterie Officer Quarters
Medical Station
Construct Panzergrenadier Kompanie
GrW 34 Mortar Team
Panzergrenadier Squad
Pak 40 Anti-tank Gun Team
Pak 40 Anti-tank Gun Team
251 Medium Carrier
Selects Contempt for the Weak
Selects Jericho Trumpet
251 Medium Carrier
Construct Panzer Kompanie
Stoßtruppen Squad
Panzer Officer Quarters
Panzer IV Medium Tank
Jericho Trumpet
Forward Retreat Point
Selects No Quarter
Selects Defend the Fatherland
Jericho Trumpet
Side Skirts
Jericho Trumpet
Selects V1 Rocket Strike
Stoßtruppen Squad
Selects King Tiger Heavy Tank
King Tiger Heavy Tank
义がSpyあい义
YipYip
FreeFragNo.1
crywo1f
低调的大帅哥
北极狗单杀老奶奶
0
0

Comments sign in to comment!

No comments posted yet!